 Dungeon Crawl Stone Soup version 0.31-a0-1540-g5a0b83f448 (webtiles) character file.

Game seed: 2192739864661653320

393 wildpjah the Chiller (level 6, -1/50 HPs)
             Began as a Draconian Ice Elementalist on Jan 2, 2024.
             Slain by an ogre
             ... wielding a +0 giant club
              (21 damage)
             ... on level 5 of the Dungeon.
             The game lasted 00:09:56 (3796 turns).

wildpjah the Chiller (Draconian Ice Elementalist)   Turns: 3796, Time: 00:09:57

Health: -1/50      AC:  7    Str: 10    XL:     6   Next: 51%
Magic:  7/10       EV: 12    Int: 15    God:
Gold:   330        SH:  0    Dex: 14    Spells: 7/11 levels left

rFire   . . .        g - +0 falchion
rCold   . . .        (no shield)
rNeg    . . .        (body armour unavailable)
rPois   .            (helmet restricted)
rElec   .            (no cloak)
rCorr   .            (no gloves)
SInv    .            b - +0 pair of boots
Will    .....        (no amulet)
Stlth   ++           (no ring)
HPRegen 0.28/turn    (no ring)
MPRegen 0.12/turn

%: no passive effects
@: freezing walls
A: AC +6, unfitting armour, cold-blooded
a: no special abilities


You were on level 5 of the Dungeon.
You visited 1 branch of the dungeon, and saw 5 of its levels.

You collected 330 gold pieces.

Inventory:

Hand Weapons
 d - a +0 short sword
 g - a +0 falchion (weapon)
Missiles
 c - 8 poisoned darts
Armour
 b - a +0 pair of boots (worn)
Jewellery
 o - a ring of ice
Wands
 m - a wand of polymorph (3)
 u - a wand of flame (24)
Scrolls
 e - 2 scrolls of enchant weapon {unknown}
 h - 6 scrolls of identify {unknown}
 i - a scroll of fear {unknown}
 j - 3 scrolls of teleportation {unknown}
 l - a scroll of revelation {unknown}
 q - a scroll of amnesia {unknown}
 r - a scroll of immolation {unknown}
 s - a scroll of fog {unknown}
 t - a scroll of noise {unknown}
Potions
 a - a potion of magic
 f - a potion of berserk rage {unknown}
 k - a potion of might {unknown}
 n - 2 potions of degeneration {unknown}
 p - a potion of haste {unknown}


   Skills:
 * Level 2.7 Fighting
 + Level 0.2(1.3) Short Blades
 + Level 2.3 Long Blades
 + Level 0.1 Throwing
 + Level 2.6 Dodging
 + Level 2.7 Stealth
 + Level 0.7 Unarmed Combat
 + Level 3.3 Spellcasting
 + Level 5.0 Ice Magic


You had 7 spell levels left.
You knew the following spells:

 Your Spells              Type           Power      Damage    Failure   Level
a - Freeze                Ice            68%        1d8       2%          1
b - Frozen Ramparts       Ice            34%        1d6       8%          3

Your spell library contained the following spells:

 Spells                   Type           Power      Damage    Failure   Level
 Ozocubu's Armour         Ice            17%        N/A       8%          3
 Apportation              Tloc           4%         N/A       21%         1
 Necrotise                Necr           8%         1d4       21%         1
 Sting                    Conj/Alch      8%         1d3       21%         1
 Summon Small Mammal      Summ           8%         N/A       21%         1
 Summon Ice Beast         Ice/Summ       10%        N/A       21%         3
 Static Discharge         Conj/Air       4%         3-4/arc   30%         2
 Airstrike                Air            1%         2d(1-17)  89%         4
 Summon Lightning Spire   Summ/Air       2%         N/A       89%         4


Dungeon Overview and Level Annotations

Branches:
Dungeon (5/15)
 Temple: D:4-7

Altars:
Wu Jian

Shops:
D:4 [


Innate Abilities, Weirdness & Mutations

Your plain brown scales are hard. (AC +6)
You cannot fit into any form of body armour.
You are cold-blooded and may be slowed by cold attacks.


Message History

The scorpion is severely wounded.
The wall freezes the scorpion.
The scorpion barely misses you.
You hit the scorpion but do no damage.
The scorpion is severely wounded.
The wall freezes the scorpion.
The scorpion barely misses you.
The wall freezes the scorpion but does no damage.
The scorpion stings you but does no damage.
You closely miss the scorpion.
The scorpion is almost dead.
The wall freezes the scorpion.
You kill the scorpion!
Your Ice Magic skill increases to level 5!
The frozen ramparts melt away as you move.
You see here a scorpion corpse.
HP restored.
Magic restored.
h - 6 scrolls labelled BUZIOP RESAF (gained 1)
Found a war axe.
Found a stone staircase leading down.
There is a stone staircase leading down here.
An ogre comes into view. It is wielding a +0 giant club.
The ogre shouts!
Casting: Frozen Ramparts (dangerous; 8% risk of failure)
Press: ? - help, Q - select action, (/) - cycle Dir - look around, f - activate The walls around you are covered in ice.
The wall freezes the ogre.
The ogre hits you with a +0 giant club!
You barely miss the ogre.
You tail-slap the ogre, but do no damage.
The ogre is lightly wounded.
The wall freezes the ogre.
The ogre closely misses you.
You barely miss the ogre.
You tail-slap the ogre, but do no damage.
The ogre is moderately wounded.
The wall freezes the ogre.
The ogre hits you with a +0 giant club!
You hit the ogre.
The ogre is heavily wounded.
You hit the ogre.
The ogre is severely wounded.
The wall freezes the ogre.
The ogre hits you with a +0 giant club!!
You die...

#.#####.## # #<# #.# # #.# ..#
### ..# .#.# #.. .... ..... #.#
##.#.#.#.#. #.###..........###
#.O....#.#.#.#.... #@#
##.........###
#########.####.#.#.#.#. #. #
####......................##.
#.###....######..##...#.#.#.#..#.
#.#......# #.....# .............
#...###..# #.###.# ....###.####
#.#.#⌠#.## #.# #.# .. #.....
#.###.# #.# #.. . ....... #.....#
#.# #### ###.##.


You could see an ogre.

Vanquished Creatures
  2 scorpions
  A howler monkey (D:3)
  A jelly (D:4)
  Natasha (thrice) (D:2)
  Robin (D:2)
  5 adders
  2 dart slugs
  2 ribbon worms (D:3)
  4 ball pythons
  7 bats
  5 endoplasms
  3 giant cockroaches
  15 goblins
  7 hobgoblins
  6 jackals
  3 frilled lizards
  5 kobolds
  6 rats
78 creatures vanquished.

Notes
Turn   | Place    | Note
-------+----------+-------------------------------------------
     0 | D:1      | wildpjah the Draconian Ice Elementalist began the quest for
                  | the Orb.
     0 | D:1      | Reached XP level 1. HP: 14/14 MP: 3/3
   270 | D:1      | Reached XP level 2. HP: 10/20 MP: 0/5
   746 | D:1      | Reached XP level 3. HP: 25/26 MP: 6/6
  1034 | D:2      | Noticed Robin
  1090 | D:2      | Killed Robin
  1190 | D:2      | Noticed Natasha
  1205 | D:2      | Killed Natasha
  1206 | D:2      | Reached skill level 1 in Long Blades
  1206 | D:2      | Reached XP level 4. HP: 6/34 MP: 4/7
  1210 | D:2      | Learned a level 3 spell: Frozen Ramparts
  1329 | D:2      | Found an ornate altar of the Wu Jian Council.
  1473 | D:2      | Noticed Natasha
  1486 | D:2      | Killed Natasha
  1487 | D:2      | Reached skill level 1 in Fighting
  1499 | D:2      | Noticed Natasha
  1507 | D:2      | Killed Natasha
  1508 | D:2      | Reached XP level 5. HP: 33/40 MP: 4/8
  2760 | D:4      | Found Feschiyj's Antique Armour Boutique.
  3378 | D:4      | Reached XP level 6. HP: 48/48 MP: 6/10
  3596 | D:5      | Entered Level 5 of the Dungeon
  3614 | D:5      | Identified the +7 spear of Conflict {freeze, rPois rCorr
                  | Str+3 Int+3}
  3702 | D:5      | Reached skill level 5 in Ice Magic
  3796 | D:5      | Slain by an ogre

Illustrated notes

Levels and vault maps discovered:
D:1:      minmay_arrival_widening_spiral_narrow, layout_basic
D:2:      layout_rooms, basic_altar, corexii_leaking_fountain, uniq_natasha,
          uniq_robin
D:3:      layout_loops_corners, item_on_display_a
D:4:      layout_rooms, serial_shops, nicolae_shop_window_shopping,
          kennysheep_minor_cross
D:5:      layout_loops_ring, serial_glass, glass_columns_a, glass_columns_c,
          feat_on_display, due_unseen_surprise, feat_on_display,
          minmay_strange_pillars, serial_shops, shop, uniq_edmund

Skill      XL: |  1  2  3  4  5  6 |
---------------+-------------------+-----
Stealth        | 2 |  2.7
Dodging        | 2 |  2.6
Long Blades    | 1 2 |  2.3
Fighting       | 1 2 |  2.7
Spellcasting   | 3 |  3.3
Ice Magic      | 5 |  5.0
Short Blades   | |  0.2
Throwing       | |  0.1
Unarmed Combat | |  0.7

Action                     |  1- 3 |  4- 6 || total
---------------------------+-------+-------++-------
  Melee: Unarmed           |    33 |     1 ||    34
         Tailslap          |    13 |    13 ||    26
         Punch             |     3 |       ||     3
         Falchion          |    75 |   116 ||   191
         Short sword       |    11 |       ||    11
  Throw: Dart              |       |     5 ||     5
   Cast: Freeze            |    24 |     4 ||    28
         Frozen Ramparts   |       |    15 ||    15
   Stab: Sleeping          |     2 |     5 ||     7
 Armour: Skin              |    88 |    95 ||   183
  Dodge: Dodged            |    89 |    88 ||   177

Table legend: (Time is in decaauts)
 A = Elapsed time spent in this place.
 B = Non-inter-level travel time spent in this place.
 C = Inter-level travel time spent in this place.
 D = Time resting spent in this place.
 E = Time spent auto-exploring this place.
 F = Levels seen in this place.
 G = Mean time per level.
                   A        B        C        D        E       F      G
               +--------+--------+--------+--------+--------+-----+--------+
         Total |   3851 |   3732 |    119 |     50 |   2919 |   5 |  770.2 |
       Dungeon |   3851 |   3732 |    119 |     50 |   2919 |   5 |  770.2 |
               +--------+--------+--------+--------+--------+-----+--------+

Top non-repeatable levels by time:
     D:1: 991 daAuts
     D:3: 959 daAuts
     D:4: 884 daAuts
     D:2: 814 daAuts
     D:5: 201 daAuts
